 Dungeon Crawl Stone Soup version 0.30-a0-728-gc68057be0a (webtiles) character file.

Game seed: 2977813648579711904

224 DeathSun the Cudgeller (level 5, -20/45 HPs)
             Began as a Minotaur Fighter on Jan 30, 2023.
             Killed by an exploding lemure (23 damage)
             ... ignited by their inner flame
             ... on level 4 of the Dungeon.
             The game lasted 00:04:18 (2740 turns).

DeathSun the Cudgeller (Minotaur Fighter)           Turns: 2740, Time: 00:04:19

Health: -20/45     AC: 12    Str: 23    XL:     5   Next: 67%
Magic:  4/4        EV: 17    Int:  5    God:
Gold:   80         SH:  0    Dex:  9    Spells: 4/4 levels left

rFire   . . .      SeeInvis .    (weapon currently unavailable)
rCold   . . .      Faith    .    (shield currently unavailable)
rNeg    + + +      Spirit   .    (body armour currently unavailable)
rPois   +          Reflect  .    (helmet currently unavailable)
rElec   .          Harm     .    (cloak currently unavailable)
rCorr   .          Rampage  .    (gloves currently unavailable)
Will    .....                    (boots currently unavailable) Stlth
                                 (no amulet)
HPRegen 0.27/turn                (no ring)
MPRegen 0.09/turn                (no ring)

@: mighty, fungus-form (expiring), silenced
A: melee confuse, terrified, no casting, tiny, (horns 2), (retaliatory headbutt)
a: no special abilities


You were on level 4 of the Dungeon.
You were a sentient fungus.
You visited 1 branch of the dungeon, and saw 4 of its levels.

You collected 80 gold pieces.

Inventory:

Hand Weapons
 a - a +0 flail (melded)
Missiles
 u - 2 throwing nets (quivered)
Armour
 b - a +0 scale mail
 c - a +0 buckler (melded)
 w - a +0 plate armour (melded)
Scrolls
 g - a scroll of noise
 i - a scroll of enchant weapon {unknown}
 k - 2 scrolls of brand weapon
 n - 2 scrolls of identify
 p - a scroll of magic mapping
 t - a scroll of teleportation {unknown}
 v - a scroll of butterflies {unknown}
Potions
 e - a potion of berserk rage {unknown}
 f - a potion of degeneration {unknown}
 j - a potion of heal wounds
 l - a potion of ambrosia {unknown}
 m - a potion of resistance {unknown}
 o - 4 potions of curing {unknown}
 q - a potion of brilliance {unknown}
 r - 2 potions of mutation {unknown}


   Skills:
 - Level 3.6 Fighting
 * Level 7.3 Maces & Flails
 - Level 3.6 Armour
 - Level 3.6 Shields


You had 4 spell levels left.
You didn't know any spells.
Your spell library contained the following spells:

 Spells                   Type           Power      Damage    Failure   Level
 Freeze                   Ice            0%         1d3       47%         1
 Summon Small Mammal      Summ           0%         N/A       47%         1
 Call Canine Familiar     Summ           0%         N/A       85%         3
 Frozen Ramparts          Ice            0%         1d1       85%         3
 Hailstorm                Conj/Ice       0%         3d3       85%         3
 Portal Projectile        Hex/Tloc       0%         N/A       85%         3
 Summon Guardian Golem    Hex/Summ       0%         N/A       85%         3
 Tukima's Dance           Hex            0%         N/A       85%         3
 Blade Hands              Tmut           0%         N/A       100%        5
 Conjure Ball Lightning   Conj/Air       0%         3x3d6     100%        6
 Discord                  Hex            0%         N/A       100%        8
 Disjunction              Tloc           0%         N/A       100%        8


Dungeon Overview and Level Annotations

Branches:
Dungeon (4/15)
 Temple: D:4-7

Altars:

Annotations:
D:4 Pikel


Innate Abilities, Weirdness & Mutations

You are a sentient fungus.
You are tiny and evasive.
Your melee attack releases spores that confuse breathing creatures.
You become terrified and freeze when enemies are visible.
Your armour is entirely melded.
You are incapable of wielding weapons or throwing items.
You cannot cast spells.
((You have a pair of horns on your head.))
((You reflexively headbutt those who attack you in melee.))


Message History

As you read the scroll labelled CID IRANAXUNIY, it crumbles to dust.
A profound silence engulfs you.
It was a scroll of silence.
Pikel hits you with a +1 whip of electrocution.
* * * LOW HITPOINT WARNING * * *
The lemure closely misses you. The lemure hits you.
* * * LOW HITPOINT WARNING * * *
The lemure closely misses you. x2
Magic scrolls do not work when you're silenced!
You feel very mighty all of a sudden. The lemure completely misses you.
The lemure hits you but does no damage. The lemure closely misses you.
Pikel misses you. The lemure completely misses you.
You completely miss Pikel.
You release spores at Pikel but do no damage.
The lemure closely misses you. x2; The lemure hits you.
* * * LOW HITPOINT WARNING * * *
The lemure completely misses you. Pikel hits you but does no damage.
You're too terrified to move while being watched!
You release spores at the lemure!
Flame seeps out of the lemure.
The lemure appears confused.
The lemure is moderately wounded.
Your transformation is almost over.
The lemure is engulfed in blazing flames.
Flame seeps out of the lemure.
The lemure hits you but does no damage. The lemure hits you.
* * * LOW HITPOINT WARNING * * *
Pikel hits you with a +1 whip of electrocution.
* * * LOW HITPOINT WARNING * * *
The lemure closely misses you.
You release spores at the lemure!
Flame seeps out of the lemure.
The lemure is heavily wounded.
The lemure is engulfed in blazing flames.
Flame seeps out of the lemure.
The lemure completely misses you. The lemure misses you.
The lemure closely misses you. Pikel hits you but does no damage.
You release spores at the lemure.
That felt strangely unrewarding.
The lemure explodes!
The fiery explosion engulfs you!!
Ouch! That really hurt!
You die...

,,****
*#..............,*
**,,* ,,,,,*
#...............*
*,** ****,*
#...............**
*** ****,*
*#..............,*
,,**,**
#..............,* *
,**,,,*
*#.............,** *
***,,,*
#.............,,* **
,*,,*,*
##..§K)5......,,* **,
*,,,,,*
##.§○f5......,,**
**,, ,,,,***
#.§5§.......,,,***,,,
,,,**
##..........,,,**,,,,
,,**
##.........,,***,,,,
,,*
##......##*,,,,,,,,
,**
##.###...,,,,,,,,, **
*##*,.##*********
***# *


You could see Pikel (inner flame) and 3 lemures.

Vanquished Creatures
  A lemure (D:4)
  A scorpion (D:3)
  Natasha (D:3)
  Robin (D:2)
  3 adders
  2 worms (D:3)
  5 dart slugs
  5 orcs (D:3)
  8 bats
  6 endoplasms
  2 giant cockroaches
  13 goblins
  9 hobgoblins
  4 jackals (D:1)
  2 quokkas
  9 ball pythons
  2 frilled lizards
  5 kobolds
  4 rats
83 creatures vanquished.

Notes
Turn   | Place    | Note
-------+----------+-------------------------------------------
     0 | D:1      | DeathSun the Minotaur Fighter began the quest for the Orb.
     0 | D:1      | Reached XP level 1. HP: 19/19 MP: 0/0
    56 | D:1      | Reached skill level 3 in Maces & Flails
    64 | D:1      | Reached XP level 2. HP: 11/26 MP: 1/1
   319 | D:1      | Reached skill level 4 in Maces & Flails
   387 | D:1      | Reached XP level 3. HP: 31/31 MP: 2/2
  1145 | D:2      | Noticed Robin
  1152 | D:2      | Killed Robin
  1153 | D:2      | Reached skill level 5 in Maces & Flails
  1230 | D:2      | Reached XP level 4. HP: 26/39 MP: 3/3
  1978 | D:3      | Noticed a scorpion
  1986 | D:3      | Killed a scorpion
  1987 | D:3      | Reached skill level 6 in Maces & Flails
  1987 | D:3      | Reached XP level 5. HP: 43/45 MP: 4/4
  2356 | D:3      | Noticed Natasha
  2359 | D:3      | Killed Natasha
  2360 | D:3      | Reached skill level 7 in Maces & Flails
  2706 | D:4      | Noticed Pikel
  2706 | D:4      | Noticed a lemure
  2706 | D:4      | Noticed a lemure
  2713 | D:4      | Noticed a lemure
  2716 | D:4      | Noticed a lemure
  2740 | D:4      | Killed a lemure
  2740 | D:4      | Killed by an exploding lemure... ignited by their inner
                  | flame

Illustrated notes

Levels and vault maps discovered:
D:1:      lightli_arrival_farm, layout_basic
D:2:      layout_loops_ring, minivault_5, uniq_robin
D:3:      layout_rooms, uniq_natasha
D:4:      layout_cave_pods, general_overflow_altar, minmay_ruined_shrine,
          uniq_pikel

Skill      XL: |  1  2  3  4  5 |
---------------+----------------+-----
Maces & Flails | 3 4 5 6 7 |  7.3
Fighting       | |  3.6
Armour         | |  3.6
Shields        | |  3.6

Action                     |  1- 3 |  4- 6 || total
---------------------------+-------+-------++-------
  Melee: Flail             |    93 |   104 ||   197
         Headbutt          |    10 |     8 ||    18
         Unarmed           |       |     6 ||     6
    Use: Potion            |       |     3 ||     3
         Scroll            |       |     5 ||     5
 Armour: Scale mail        |    42 |    33 ||    75
         Skin              |       |    42 ||    42
         Plate armour      |       |     6 ||     6
  Dodge: Dodged            |    60 |    82 ||   142
  Block: Buckler           |    28 |    26 ||    54

Table legend: (Time is in decaauts)
 A = Elapsed time spent in this place.
 B = Non-inter-level travel time spent in this place.
 C = Inter-level travel time spent in this place.
 D = Time resting spent in this place.
 E = Time spent auto-exploring this place.
 F = Levels seen in this place.
 G = Mean time per level.
                   A        B        C        D        E       F      G
               +--------+--------+--------+--------+--------+-----+--------+
         Total |   2799 |   2739 |     60 |      0 |   2235 |   4 |  699.8 |
       Dungeon |   2799 |   2739 |     60 |      0 |   2235 |   4 |  699.8 |
               +--------+--------+--------+--------+--------+-----+--------+

Top non-repeatable levels by time:
     D:1: 1146 daAuts
     D:2: 776 daAuts
     D:3: 635 daAuts
     D:4: 240 daAuts
